Map: World of Sleepers LE

Players

TSGSolar (Solar) - Winner!

  • Race: Zerg Zerg
  • League: Master
  • Spawn Location: 1:00

IntoTheZoun (Zoun)

  • Race: Protoss Protoss
  • League: Master
  • Spawn Location: 7:00

VOD

Have the link to the VOD?

Description

Time

  • Played on: Jan. 9, 2020, 5:26 a.m.
  • Length: 10:20
Show
View Real Time Build Order
Export as new Build Order

TSGSolar Zerg - Winner!

Build Orders: Hatch First 

Get SALT Encoding   

  12  0:01  Drone  
  13  0:12  Overlord  
  13  0:16  Drone  
  14  0:31  Drone x2  
  16  0:48  Hatchery  
  15  0:51  Drone  
  15  0:54  Drone  
  17  0:58  Drone  
  18  1:08  Extractor  
  17  1:14  Spawning Pool  
  17  1:16  Drone  
  17  1:19  Drone  
  18  1:29  Drone  
  19  1:39  Drone  
  20  1:46  Hatchery  
  19  1:49  Drone  
  20  2:01  Zergling x2, Queen  
  23  2:10  Queen  
  25  2:16  Overlord  
  25  2:19  Drone  
  26  2:23  Drone  
  26  2:28  Drone  
  28  2:36  Drone x2  
  30  2:42  Drone  
  31  2:45  Drone x2  
  33  2:54  Queen  
  33  2:55  Drone  
  36  2:58  Queen  
  36  3:02  Drone  
  39  3:06  Overlord  
  39  3:09  Drone  
  39  3:10  Drone  
  41  3:15  Drone  
  41  3:19  Overlord  
  42  3:25  Drone x4  
  42  3:26  Drone  
  47  3:31  Drone x2, Roach Warren  
  48  3:35  Drone  
  48  3:40  Lair  
  49  3:42  Extractor  
  49  3:43  Extractor, Drone x3  
  49  3:47  Overlord  
  50  3:51  Overlord  
  50  3:53  Drone  
  51  4:00  Drone  
  52  4:04  Overlord  
  52  4:10  Roach x5  
  52  4:11  Roach  
  52  4:13  Roach  
  66  4:18  Overlord  
  66  4:20  Drone x3  
  66  4:23  Roach  
  71  4:26  Roach  
  71  4:28  Roach  
  75  4:35  Overlord  
  75  4:38  Glial Reconstitution, Roach x2  
  79  4:42  Roach  
  81  4:46  Drone x3  
  81  4:49  Overseer  
  81  4:50  Drone x2  
  81  4:51  Drone  
  87  4:55  Drone x2, Overlord  
  87  4:58  Drone  
  87  4:59  Drone  
  91  5:00  Drone  
  91  5:01  Drone  
  91  5:05  Drone x2  
  95  5:10  Extractor x2  
  95  5:11  Evolution Chamber  
  95  5:12  Overlord  
  95  5:13  Overlord  
  92  5:16  Metabolic Boost  
  92  5:19  Zergling x4  
  94  5:23  Roach x2  
  94  5:25  Overseer  
  94  5:27  Overlord  
  98  5:29  Roach x2  
  98  5:34  Overlord  
  102  5:36  Ravager  
  102  5:38  Roach x3  
  102  5:40  Overlord  
  110  5:43  Roach  
  110  5:47  Spine Crawler, Ravager  
  110  5:48  Zergling x4  
  112  5:50  Ravager  
  112  5:51  Roach  
  112  5:53  Roach  
  112  5:54  Roach  
  112  5:55  Zergling x2  
  120  5:59  Zergling x6  
  120  6:02  Ravager  
  120  6:03  Overlord  
  124  6:05  Roach  
  124  6:06  Roach  
  124  6:08  Roach  
  132  6:11  Roach  
  132  6:12  Roach  
  132  6:18  Roach x2  
  121  6:19  Roach  
  121  6:22  Roach  
  121  6:25  Roach  
  120  6:27  Roach  
  120  6:30  Roach  
  119  6:32  Queen  
  119  6:34  Ravager  
  119  6:36  Roach  
  119  6:37  Roach  
  119  6:39  Ravager  
  124  6:40  Zergling x4  
  124  6:45  Ravager  
  124  6:46  Zergling x8  
  131  6:47  Zergling x2  
  131  6:50  Roach  
  131  6:53  Roach  
  133  6:57  Roach x2  
  138  7:01  Ravager  
  138  7:04  Roach  
  138  7:09  Roach x2  
  138  7:14  Drone x3  
  144  7:18  Drone  
  144  7:20  Zerg Missile Weapons Level 1  
  145  7:23  Overlord  
  145  7:24  Zergling x2  
  145  7:27  Overlord  
  142  7:30  Overlord  
  142  7:34  Zergling x2, Baneling Nest  
  138  7:37  Roach x4  
  138  7:38  Ravager  
  138  7:42  Roach x2  
  138  7:43  Roach x2  
  151  7:46  Zergling x6  
  151  7:49  Roach  
  149  7:51  Ravager  
  149  7:55  Roach x2  
  149  7:58  Zergling x2  
  154  8:00  Ravager  
  154  8:05  Zergling x8  
  158  8:07  Overseer  
  158  8:10  Zergling x4  
  158  8:14  Roach x3  
  159  8:22  Ravager x2  
  159  8:24  Zergling x10  
  159  8:26  Queen, Overlord  
  168  8:30  Overlord  
  164  8:34  Roach  
  164  8:39  Roach  
  164  8:40  Roach x3  
  156  8:43  Roach x2  
  138  8:48  Roach  
  138  8:54  Roach x2  
  129  8:58  Queen  
  129  9:00  Roach  
  132  9:03  Roach  
  132  9:08  Roach x4  
  142  9:10  Ravager  
  142  9:11  Ravager  
  142  9:12  Zergling x4  
  142  9:16  Roach x3  
  148  9:21  Roach  
  152  9:24  Roach  
  152  9:26  Roach  
  150  9:32  Ravager x2  
  150  9:33  Roach x3  
  150  9:34  Roach  
  150  9:37  Roach x3  
  163  9:40  Zergling x4  
  163  9:44  Roach  
  167  9:50  Ravager  
  167  9:51  Overseer  
  166  9:54  Roach x3  
  166  9:57  Roach  
  175  10:00  Zergling x4, Ravager  
  175  10:02  Overlord x2  
Show
View Real Time Build Order
Export as new Build Order

IntoTheZoun Protoss 

Build Orders: 1 Gate Expand, Blink Stalkers 

Get SALT Encoding   

  12  0:00  Probe  
  13  0:13  Probe  
  14  0:21  Pylon  
  14  0:25  Probe  
  15  0:39  Probe (Chrono Boost)  
  16  0:44  Gateway  
  16  0:48  Probe (Chrono Boost)  
  16  0:49  Assimilator  
  17  0:53  Probe (Chrono Boost)  
  18  1:05  Probe  
  19  1:18  Probe  
  20  1:25  Nexus  
  20  1:33  Cybernetics Core  
  20  1:35  Probe  
  21  1:40  Assimilator  
  21  1:47  Probe  
  21  1:52  Pylon  
  22  1:59  Probe  
  23  2:07  Stalker (Chrono Boost)  
  23  2:12  Probe (Chrono Boost)  
  23  2:15  Twilight Council  
  26  2:20  Warp Gate  
  27  2:23  Probe (Chrono Boost)  
  27  2:28  Probe (Chrono Boost)  
  28  2:32  Adept  
  30  2:37  Probe (Chrono Boost)  
  32  2:44  Probe (Chrono Boost)  
  32  2:47  Probe (Chrono Boost)  
  32  2:51  Probe (Chrono Boost)  
  34  2:53  Probe, Blink  
  35  3:03  Probe (Chrono Boost)  
  35  3:05  Probe (Chrono Boost)  
  37  3:16  Robotics Facility  
  37  3:17  Probe (Chrono Boost)  
  39  3:20  Probe (Chrono Boost), Adept  
  39  3:22  Gateway  
  39  3:24  Probe (Chrono Boost)  
  43  3:27  Probe (Chrono Boost)  
  43  3:29  Pylon  
  43  3:34  Probe  
  44  3:39  Probe  
  45  3:42  Gateway  
  45  3:46  Gateway  
  45  3:49  Probe  
  45  3:51  Probe  
  45  3:53  Assimilator  
  47  3:56  Pylon  
  47  4:00  Warp Prism (Chrono Boost)  
  47  4:05  Probe  
  47  4:07  Pylon  
  50  4:12  Assimilator  
  50  4:15  Adept x2  
  54  4:19  Probe x2  
  56  4:29  Observer  
  57  4:35  Gateway  
  57  4:36  Gateway  
  57  4:37  Gateway  
  57  4:39  Gateway  
  57  4:42  Sentry x3  
  63  4:51  Pylon, Sentry  
  65  4:54  Pylon  
  65  5:09  Stalker  
  67  5:16  Stalker x3  
  67  5:18  Pylon  
  73  5:29  Pylon, Sentry  
  73  5:30  Stalker  
  73  5:31  Stalker  
  73  5:32  Stalker  
  81  5:36  Stalker  
  83  5:42  Stalker  
  83  5:43  Stalker  
  83  5:44  Pylon  
  87  5:58  Stalker x4  
  87  6:03  Stalker  
  97  6:07  Stalker  
  99  6:15  Stalker  
  99  6:16  Stalker  
  97  6:24  Stalker  
  86  6:29  Zealot x3  
  84  6:34  Sentry, Stalker  
  88  6:43  Stalker x2  
  92  6:56  Sentry, Zealot x3  
  92  6:57  Zealot  
  102  7:14  Stalker x3  
  108  7:19  Zealot  
  110  7:22  Pylon  
  110  7:24  Pylon  
  110  7:41  Adept x4  
  110  7:44  Stalker x3  
  120  7:45  Sentry  
  120  7:58  Observer  
  119  8:04  Stalker x3  
  119  8:05  Stalker  
  123  8:09  Pylon  
  123  8:20  Stalker  
  123  8:35  Stalker x5  
  123  8:36  Zealot  
  109  8:44  Stalker x2  
  97  8:50  Stalker  
  87  9:03  Stalker  
  87  9:04  Stalker x3  
  93  9:11  Stalker  
  95  9:24  Observer  
  95  9:29  Stalker x4  
  101  9:50  Stalker x4  
Tags
 
Add a new tag
Caveats
  • Supply blocks, unpowered buildings, or Contaminate may cause inaccurate times.
  • Supply counts are checked every 10 seconds.